 Dungeon Crawl Stone Soup version 0.20.1-1-g8b1a95d (console) character file.

2545 bli the Chiller (level 9, -9/71 HPs)
             Began as a Barachi Ice Elementalist on July 23, 2017.
             Was a Priest of Uskayaw.
             Mangled by p0werm0de's ghost (11 damage)
             ... on level 7 of the Dungeon on July 26, 2017.
             The game lasted 00:38:59 (7850 turns).

bli the Chiller (Barachi Ice Elementalist)          Turns: 7850, Time: 00:38:59

Health: -9/71      AC:  7    Str: 10    XL:     9   Next: 55%
Magic:  8/18       EV: 14    Int: 15    God:    Uskayaw [***...]
Gold:   291        SH:  0    Dex: 16    Spells: 15/20 levels left

rFire    . . .     SeeInvis .   a - +0 dagger (drain)
rCold    + . .     Gourm    .   (no shield)
rNeg     . . .     Faith    .   y - +2 leather armour {rPois}
rPois    +         Spirit   .   E - +0 helmet
rElec    .         Reflect  .   (no cloak)
rCorr    .         Harm     .   (no gloves)
MR       .....                  A - +0 pair of boots
Stlth    +++.......             p - amulet of magic regeneration
Regen    0.3/turn               k - +1 ring of slaying
MPRegen  0.3/turn               s - ring of protection from cold

@: slow
A: +LOS, swims, slowness 1, strong legs 1
a: Hop, Stomp, Line Pass, Renounce Religion


You were on level 7 of the Dungeon.
You worshipped Uskayaw.
Uskayaw was noncommittal.
You were not hungry.

You visited 2 branches of the dungeon, and saw 8 of its levels.
You also visited: Ossuary.

You collected 291 gold pieces.

Inventory:

Hand Weapons
 a - a +0 dagger of draining (weapon)
 b - the +1 short sword "Utogad" {antimagic, Stlth+}
   (You found it on level 6 of the Dungeon)

   It reduces the magical energy of the wielder, and disrupts the spells and
   magical abilities of those hit.
   Natural abilities and divine invocations are not affected.
   It makes you more stealthy.
 l - a +0 rapier
 H - a +0 rapier
Missiles
 m - 261 stones (quivered)
Armour
 y - a +2 leather armour of poison resistance (worn)
 A - a +0 pair of boots (worn)
 D - a +1 animal skin
 E - a +0 helmet (worn)
 J - a +0 ring mail of poison resistance
Jewellery
 k - a +1 ring of slaying (left hand)
 p - an amulet of magic regeneration (around neck)
 s - a ring of protection from cold (right hand)
Wands
 z - a wand of polymorph (15/24)
 G - a wand of flame (15/48)
Scrolls
 e - 4 scrolls of teleportation
 g - 2 scrolls of amnesia
 n - a scroll of remove curse
 q - 2 scrolls of immolation {unknown}
 t - 2 scrolls of enchant armour
 u - a scroll of identify
 v - 2 scrolls of random uselessness {unknown}
 w - 2 scrolls of blinking {unknown}
 x - a scroll of fog {unknown}
 B - 2 scrolls of fear {unknown}
 F - a scroll of recharging {unknown}
Potions
 o - 2 potions of agility
 r - a potion of cancellation
 C - a potion of flight
Books
 j - a book of Frost

   Spells                             Type                      Level
   a - Freeze                         Ice                          1
   b - Throw Frost                    Conjuration/Ice              2
   c - Ozocubu's Armour               Charms/Ice                   3
   d - Throw Icicle                   Conjuration/Ice              4
   e - Summon Ice Beast               Ice/Summoning                4
Comestibles
 c - 2 bread rations
 d - a royal jelly
 f - 6 meat rations
 i - 9 fruits


   Skills:
 * Level 6.5 Fighting
 + Level 4.9 Short Blades
 + Level 3.6 Armour
 + Level 4.5 Dodging
 + Level 4.1 Stealth
 + Level 6.2 Spellcasting
   Level 1.1 Conjurations
 + Level 2.0 Summonings
 + Level 7.3 Ice Magic


You had 15 spell levels left.
You knew the following spells:

 Your Spells              Type           Power        Failure   Level  Hunger
a - Freeze                Ice            ####         1%          1    None
B - Summon Ice Beast      Ice/Summ       ###.....     26%         4    ####...


Dungeon Overview and Level Annotations

Branches:
Dungeon (7/15)             Temple (1/1) D:5

Altars:
Ashenzari
Cheibriados
Dithmenos
Elyvilon
Fedhas
Gozag
Hepliaklqana
Kikubaaqudgha
Makhleb
Nemelex Xobeh
Okawaru
Qazlal
Ru
Sif Muna
Trog
Uskayaw
Vehumet
Xom
Yredelemnul
The Shining One

Shops:
D:4 %

Annotations:
D:7 p0werm0de's ghost, novice MiBe


Innate Abilities, Weirdness & Mutations

Shadows flee at your approach. (+LOS)
You can swim through water.
You cover ground slowly.
You can hop short distances.


Message History

Uskayaw prepares the audience for your solo!
Casting: Freeze
Confirm with . or Enter, or press ? or * to list all spells.
Aiming: Freeze
Press: ? - help, Shift-Dir - straight line, f/p - p0werm0de's ghost
Aim: p0werm0de's ghost, wielding a weapon of flaming (almost destroyed, paralysed)
You freeze p0werm0de's ghost.
P0werm0de's ghost is almost destroyed.
P0werm0de's ghost is no longer paralysed.
P0werm0de's ghost says, "Try not to bleed too much."
P0werm0de's ghost closely misses you.
Casting: Freeze
Confirm with . or Enter, or press ? or * to list all spells.
Aiming: Freeze
Press: ? - help, Shift-Dir - straight line, f/p - p0werm0de's ghost
Aim: p0werm0de's ghost, wielding a weapon of flaming (almost destroyed)
You freeze p0werm0de's ghost.
P0werm0de's ghost is almost destroyed.
P0werm0de's ghost hits you!
You die...

.......# ##
.....%.#..
##......#. ........
#......#######
#.............
#......#....#
#..W...#....#
#..@.....#
#......### ####.#.#
#.#.# #########.#.#
.>........#.#
#.........########.#
#......... #.#
##......... #.#
#......... #.#
......... #.#


You could see p0werm0de's ghost.

Vanquished Creatures
  The ghost of equalderp2856 the Chopper, a novice MiFi (D:6)
  Eustachio (D:4)
  3 phantoms
  An ice beast (D:7)
  3 ogres
  A centaur (D:5)
  A bullfrog (D:6)
  3 elf skeletons (D:6)
  2 scorpions (D:4)
  A bullfrog zombie (D:5)
  4 crimson imps
  2 jellies
  4 hounds
  A human zombie (D:6)
  An orc priest (D:4)
  An orc wizard (D:5)
  A centaur skeleton (D:4)
  An iguana (D:6)
  3 human skeletons (D:6)
  6 worker ants
  2 hound skeletons (D:5)
  Robin (D:4)
  A mummy (Ossuary)
  5 gnolls
  10 adders
  A howler monkey skeleton (D:6)
  A shadow imp (D:6)
  An ooze (D:4)
  An adder zombie (D:6)
  2 worms (D:5)
  8 dart slugs
  7 leopard geckos
  11 orcs
  4 giant cockroaches
  3 gnoll zombies (Ossuary)
  20 goblins
  8 hobgoblins
  8 jackals
  10 kobolds
  4 quokkas
  A ball python (D:4)
  6 bats
  4 frilled lizards
  2 goblin zombies (Ossuary)
  A leopard gecko skeleton (D:4)
  3 orc skeletons (D:6)
  3 orc zombies
  6 rats
175 creatures vanquished.

Notes
Turn   | Place    | Note
-------+----------+-------------------------------------------
     0 | D:1      | bli the Barachi Ice Elementalist began the quest for the Orb.
     0 | D:1      | Reached XP level 1. HP: 13/13 MP: 3/3
   170 | D:1      | Reached skill level 4 in Ice Magic
   332 | D:1      | Reached XP level 2. HP: 17/19 MP: 0/5
   857 | D:1      | Reached XP level 3. HP: 23/24 MP: 6/6
  1754 | D:2      | Reached XP level 4. HP: 27/30 MP: 8/8
  2447 | D:3      | Reached skill level 1 in Fighting
  2524 | D:3      | Reached skill level 1 in Armour
  2990 | D:3      | Reached XP level 5. HP: 32/37 MP: 6/9
  3063 | D:3      | Reached skill level 5 in Ice Magic
  3305 | D:4      | Noticed Eustachio
  3462 | D:4      | Learned a level 4 spell: Summon Ice Beast
  3843 | D:4      | Found Heuckeic's Food Boutique.
  4058 | D:4      | Reached skill level 1 in Short Blades
  4058 | D:4      | Reached XP level 6. HP: 34/46 MP: 6/11
  4102 | D:4      | Noticed Robin
  4215 | D:4      | Killed Robin
  4420 | D:4      | Reached skill level 6 in Ice Magic
  4500 | D:4      | Killed Eustachio
  4500 | D:4      | Reached skill level 1 in Summonings
  4500 | D:4      | Reached XP level 7. HP: 4/52 MP: 7/13
  5189 | D:5      | Entered Level 5 of the Dungeon
  5215 | D:5      | Found a staircase to the Ecumenical Temple.
  5237 | D:5      | Reached skill level 5 in Spellcasting
  5246 | Temple   | Entered the Ecumenical Temple
  5476 | Temple   | Became a worshipper of Uskayaw the Reveler
  5525 | D:5      | Reached * piety under Uskayaw
  5574 | D:5      | Reached ** piety under Uskayaw
  5590 | D:5      | Reached *** piety under Uskayaw
  5592 | D:5      | Reached XP level 8. HP: 32/58 MP: 12/15
  5595 | D:5      | Reached **** piety under Uskayaw
  6083 | D:5      | Found a sacrificial altar of Ru.
  6083 | D:5      | Found a burning altar of Makhleb.
  6357 | D:5      | Reached ***** piety under Uskayaw
  6541 | D:6      | Reached skill level 5 in Fighting
  6542 | D:6      | Noticed equalderp2856's ghost (novice MiFi)
  6646 | D:6      | Reached XP level 9. HP: 18/68 MP: 9/17
  6647 | D:6      | Reached skill level 7 in Ice Magic
  6696 | D:6      | Got a faintly glowing short sword
  6700 | D:6      | Identified the cursed +1 short sword "Utogad" {antimagic, Stlth+} (You found it on level 6 of the Dungeon)
  7021 | D:6      | Found a sand-covered staircase.
  7035 | Ossuary  | Entered an ossuary
  7191 | Ossuary  | HP: 1/69 [mummy (11)]
  7695 | D:6      | Killed equalderp2856's ghost
  7826 | D:7      | Noticed p0werm0de's ghost (novice MiBe)
  7846 | D:7      | HP: 1/71 [p0werm0de's ghost (3)]
  7850 | D:7      | Mangled by p0werm0de's ghost

Skill      XL: |  1  2  3  4  5  6  7  8  9 |
---------------+----------------------------+-----
Ice Magic      | 4 5 6 7 |  7.3
Fighting       | 1 2 3 5 6 |  6.5
Spellcasting   | 3 4 5 6 |  6.2
Armour         | 1 2 3 |  3.6
Stealth        | 2 3 4 |  4.1
Short Blades   | 1 3 4 |  4.9
Dodging        | 3 4 |  4.5
Summonings     | 1 2 |  2.0
Conjurations   | |  1.1

Action                   |  1- 3 |  4- 6 |  7- 9 || total
-------------------------+-------+-------+-------++-------
Melee: Unarmed           |     6 |       |       ||     6
       Dagger            |    47 |   151 |   154 ||   352
       Short sword       |     3 |       |       ||     3
       Rapier            |       |       |   213 ||   213
Throw: Stone             |       |     2 |     4 ||     6
 Cast: Freeze            |    41 |    81 |    81 ||   203
       Summon Ice Beast  |       |       |     1 ||     1
Invok: Stomp             |       |       |     1 ||     1
 Abil: Hop               |     1 |     1 |       ||     2
Evoke: Wand              |       |       |     2 ||     2
  Use: Scroll            |       |     4 |     4 ||     8
       Potion            |       |       |     2 ||     2
 Stab: Sleeping          |     2 |     1 |    11 ||    14
       Paralysed         |       |       |     5 ||     5
       Distracted        |       |       |     1 ||     1
  Eat: Chunk             |     4 |     9 |     9 ||    22
       Bread ration      |       |       |     1 ||     1
Armor: Robe              |     9 |       |       ||     9
       Leather armour    |    14 |    41 |    92 ||   147
Dodge: Dodged            |    70 |   141 |   266 ||   477
